[Event "January 9 Early 2024"]
[Site "https://www.chess.com"]
[Date "2024.01.11"]
[Round "11"]
[White "Ovezdurdyyeva, Jemal"]
[Black "Baziuk, Vladyslav"]
[Result "0-1"]
[Board "180"]
[TimeControl "180+1"]
[WhiteFideId "14001888"]
[BlackFideId "34107940"]
[WhiteElo "2458"]
[BlackElo "2669"]
[WhiteTeam "TKM"]
[BlackTeam "UKR"]
[WhiteClock "0:00:07"]
[BlackClock "0:00:03"]

1. e4 c5 2. Nf3 Nc6 3. c3 d5 4. exd5 Qxd5 5. d4 Nf6 6. Be2 e6 7. O-O cxd4 8. cxd4 Be7 9. Nc3 Qd8 10. Be3 O-O 11. a3 b6 12. Ne5 Bb7 13. Bf3 Rc8 14. Rc1 Nd7 15. Nb5 Ndxe5 16. dxe5 Ba6 17. Bxc6 Rxc6 18. Rxc6 Bxb5 19. Qxd8 Rxd8 20. Rc7 Bxf1 21. Kxf1 Bc5 22. Bxc5 bxc5 23. Rxa7 Rb8 24. Rc7 g5 25. Rxc5 Rxb2 26. Rc3 Ra2 27. g3 Kg7 28. Re3 Kg6 29. h3 h5 30. Kg2 g4 31. hxg4 hxg4 32. Re4 Kg5 33. a4 Ra1 34. Rf4 Ra2 35. Rxf7 Rxa4 36. Rf6 Ra6 37. Kf1 Rb6 38. Ke2 Ra6 39. Ke3 Rb6 40. Kd4 Rb2 41. Kc5 Rd2 42. Kc6 Kh5 43. Kc5 Kg5 44. Kc4 Kh5 45. Kc3 Re2 46. Kd3 Ra2 47. Ke3 Ra6 48. Kd4 Rc6 49. Ke4 Kg5 50. Ke3 Rc3+ 51. Kd4 Rc6 52. Kd3 Ra6 53. Kc4 Ra2 54. Kc3 Re2 55. Kd3 Rxe5 56. Rf4 Ra5 57. Kd4 e5+ 0-1

[Event "January 9 Early 2024"]
[Site "https://www.chess.com"]
[Date "2024.01.11"]
[Round "11"]
[White "Popov, Konstantin"]
[Black "Rustemov, Alexander"]
[Result "1/2-1/2"]
[Board "181"]
[TimeControl "180+1"]
[WhiteFideId "34137910"]
[BlackFideId "4119002"]
[WhiteElo "2912"]
[BlackElo "2826"]
[WhiteTeam "FID"]
[BlackTeam "RUS"]
[WhiteClock "0:00:04"]
[BlackClock "0:00:07"]

1. e4 e6 2. d4 d5 3. Nc3 dxe4 4. Nxe4 Bd7 5. Nf3 Bc6 6. Bd3 Nd7 7. c3 Ngf6 8. Nxf6+ Nxf6 9. O-O Bxf3 10. Qxf3 Qd5 11. Qe2 Qh5 12. Qxh5 Nxh5 13. a4 a5 14. Re1 Nf6 15. Bg5 c6 16. Rad1 Be7 17. g3 Nd5 18. Bc1 Rd8 19. h4 h5 20. Kg2 g6 21. Be4 Bf6 22. Re2 Kd7 23. Rde1 Kc7 24. Bc2 Rd7 25. f3 b5 26. axb5 cxb5 27. Bg5 Bxg5 28. hxg5 a4 29. Re5 Kb6 30. Be4 Rc8 31. Bxd5 exd5 32. Re7 Rcc7 33. Rxd7 Rxd7 34. f4 b4 35. cxb4 Kb5 36. Re8 Kc4 37. Kf3 Kb3 38. Re2 Rb7 39. f5 Rxb4 40. Rd2 Ka2 41. fxg6 fxg6 42. Kf4 Rxb2 43. Rd1 a3 44. Ke5 Kb3 45. Kxd5 a2 46. Ra1 Rg2 47. Ke6 Rxg3 48. d5 Rxg5 49. d6 Rg2 50. Rd1 Re2+ 51. Kf7 Rf2+ 52. Kg8 Kc2 53. d7 Kxd1 54. d8=Q+ Rd2 55. Qa5 h4 56. Qa4+ Kc1 57. Qc4+ Kd1 58. Qxh4 Kc2 59. Qc4+ Kb2 60. Qb4+ Kc2 61. Qa3 Kb1 62. Qb3+ Kc1 63. Qc3+ Rc2 64. Qa1+ Kd2 65. Qd4+ Kc1 66. Qa1+ Kd2 67. Qd4+ Kc1 68. Qa1+ 1/2-1/2

[Event "January 9 Early 2024"]
[Site "https://www.chess.com"]
[Date "2024.01.11"]
[Round "11"]
[White "Feliz Dotel, Dewar Bienvenido"]
[Black "Recuero Guerra, Javier"]
[Result "1-0"]
[Board "182"]
[TimeControl "180+1"]
[WhiteFideId "6402801"]
[BlackFideId "2254085"]
[WhiteElo "2164"]
[BlackElo "2266"]
[WhiteTeam "DOM"]
[BlackTeam "ESP"]
[WhiteClock "0:00:05"]
[BlackClock "0:00:04"]

1. Nf3 Nf6 2. c4 g6 3. b4 Bg7 4. Bb2 O-O 5. g3 d6 6. Bg2 e5 7. d3 a5 8. b5 Nbd7 9. O-O Nc5 10. Nc3 Nh5 11. e4 f5 12. exf5 Bxf5 13. Ne4 Nxe4 14. dxe4 Bxe4 15. Re1 Bf5 16. Qd5+ Kh8 17. Qxb7 Bg4 18. Qe4 Qd7 19. Ng5 Bf5 20. Qc6 Rae8 21. Qxd7 Bxd7 22. Bc3 h6 23. Ne4 Be6 24. Nd2 a4 25. Rab1 Rb8 26. Ba5 Rf7 27. Bd5 Bxd5 28. cxd5 Nf6 29. b6 cxb6 30. Rxb6 Rxb6 31. Bxb6 Nxd5 32. Ba5 Ra7 33. Nc4 Ra6 34. Bd2 Kh7 35. Rb1 Ne7 36. Rb7 Nf5 37. h3 Nd4 38. Kg2 d5 39. Nxe5 Re6 40. Nd7 Rf6 41. Nxf6+ Kh8 42. Nxd5 Be5 43. Bc3 Nc6 44. Bxe5+ Nxe5 45. Nb6 Kg8 46. Nxa4 Nf7 47. Nc3 Ne5 48. a4 Nc4 49. Rb4 Na5 50. Rb5 Nc6 51. a5 Na7 52. Rb7 Nc6 53. Rb5 Kh8 54. a6 Kg8 55. Rb6 Na7 56. Rb8+ Kf7 57. Rb7+ Kg8 58. Rxa7 Kh8 59. Rb7 1-0

[Event "January 9 Early 2024"]
[Site "https://www.chess.com"]
[Date "2024.01.11"]
[Round "11"]
[White "Nikulina, Alena"]
[Black "Pogorelskikh, Sofia"]
[Result "0-1"]
[Board "183"]
[TimeControl "180+1"]
[WhiteFideId "4172051"]
[BlackFideId "44164548"]
[WhiteElo "2115"]
[BlackElo "2263"]
[WhiteTeam "RUS"]
[BlackTeam "SRB"]
[WhiteClock "0:00:20"]
[BlackClock "0:00:10"]

1. e4 c5 2. Nf3 Nc6 3. d4 cxd4 4. Nxd4 Qb6 5. Nb3 e6 6. Be3 Qc7 7. Nc3 a6 8. Be2 Nf6 9. O-O Bb4 10. Na4 Nxe4 11. Nb6 Rb8 12. Bd3 d5 13. Qg4 f5 14. Qh5+ g6 15. Qh6 Bf8 16. Qh4 Be7 17. Qh6 Bf6 18. c3 Ne7 19. a4 e5 20. Bxe4 fxe4 21. a5 Be6 22. Nc5 Bf7 23. Qh3 Bg7 24. Ne6 Bxe6 25. Qxe6 Qc6 26. Qxc6+ bxc6 27. Bc5 Nc8 28. b4 Kf7 29. Nxc8 Rbxc8 30. Bd6 Rhd8 31. Bc5 Rd7 32. Bb6 Ke6 33. Rfd1 d4 34. cxd4 exd4 35. Kf1 d3 36. f3 Bxa1 37. Rxa1 exf3 38. gxf3 d2 39. Rd1 Re8 40. Kf2 Kf5 41. Be3 Rd3 42. Bc5 Red8 43. h3 R8d5 44. Be3 Rb3 45. Bc5 Rdd3 46. Ke2 Rxf3 47. Rxd2 Rxh3 48. Rd8 Rh2+ 49. Bf2 Rb2+ 50. Ke3 Rbxf2 51. Rf8+ Kg4 52. Rxf2 Rxf2 53. Kxf2 h5 54. Kg2 h4 55. Kh2 h3 56. b5 cxb5 57. Kh1 Kg3 58. Kg1 g5 59. Kh1 g4 60. Kg1 Kh4 61. Kh1 g3 62. Kg1 g2 63. Kh2 Kg4 64. Kg1 b4 65. Kh2 b3 66. Kg1 b2 67. Kh2 g1=Q+ 68. Kxg1 b1=Q+ 69. Kh2 Qc2+ 70. Kg1 Qg2# 0-1

[Event "January 9 Early 2024"]
[Site "https://www.chess.com"]
[Date "2024.01.11"]
[Round "11"]
[White "Skliarov, Viktor"]
[Black "Pourkashiyan, Atousa"]
[Result "1-0"]
[Board "184"]
[TimeControl "180+1"]
[WhiteFideId "14106736"]
[BlackFideId "12502014"]
[WhiteElo "2674"]
[BlackElo "2503"]
[WhiteTeam "UKR"]
[BlackTeam "USA"]
[WhiteClock "0:00:05"]
[BlackClock "0:00:03"]

1. e4 e5 2. Nc3 Nf6 3. Bc4 Bb4 4. Nge2 O-O 5. a3 Bxc3 6. Nxc3 Nxe4 7. Nxe4 d5 8. Bd3 dxe4 9. Bxe4 f5 10. Bf3 e4 11. Be2 f4 12. d3 f3 13. gxf3 exf3 14. Bf1 Qd4 15. Qd2 Nc6 16. c3 Qd6 17. Qc2 Be6 18. Be3 Na5 19. c4 b5 20. O-O-O b4 21. axb4 Qxb4 22. Qc3 Qa4 23. Qa3 Bd7 24. Qxa4 Bxa4 25. Re1 c5 26. Bh3 Nb3+ 27. Kb1 Nd4 28. Bxd4 cxd4 29. Be6+ Kh8 30. Bd5 Rab8 31. Re7 a5 32. Rg1 g6 33. Rg3 Rbe8 34. Rxe8 Rxe8 35. Rxf3 Bb3 36. Kc1 Re1+ 37. Kd2 Rb1 38. Rf8+ Kg7 39. Ra8 a4 40. Ke2 Rxb2+ 41. Kf3 Rd2 42. Ke4 Bc2 43. Kxd4 Rxd3+ 44. Ke5 a3 45. c5 Bb1 46. c6 Rc3 47. Kd6 Rc1 48. Rxa3 Kf6 49. c7 Bf5 50. Ra5 Rd1 51. Rc5 h5 52. c8=Q Bxc8 53. Rxc8 Rd2 54. Rf8+ Kg5 55. h3 h4 56. Ke5 Rd3 57. f4+ Kh6 58. Be4 Rd2 59. Rf6 Rh2 60. Rxg6+ Kh5 61. Rg5+ Kh6 62. Rg6+ Kh5 63. Rg2 Rxh3 64. Kf6 Re3 65. Bg6+ Kh6 66. Bf5 h3 67. Rh2 Kh5 68. Rxh3+ Rxh3 69. Bxh3 Kh4 70. f5 1-0

[Event "January 9 Early 2024"]
[Site "https://www.chess.com"]
[Date "2024.01.11"]
[Round "11"]
[White "Aradhya, Garg"]
[Black "Radzhabov, Rodion"]
[Result "1/2-1/2"]
[Board "185"]
[TimeControl "180+1"]
[WhiteFideId "25006746"]
[BlackFideId "884715"]
[WhiteElo "2724"]
[BlackElo "2609"]
[WhiteTeam "IND"]
[BlackTeam "RUS"]
[WhiteClock "0:00:34"]
[BlackClock "0:00:13"]

1. d4 Nf6 2. c4 e6 3. Nf3 d5 4. Nc3 Be7 5. cxd5 exd5 6. Bf4 c6 7. h3 Be6 8. e3 Nbd7 9. Bd3 O-O 10. O-O h6 11. Qc2 Rc8 12. Rad1 c5 13. dxc5 Nxc5 14. Nd4 Nxd3 15. Qxd3 a6 16. Rd2 Bb4 17. Rc2 Bxc3 18. Rxc3 Qb6 19. Rb3 Qa7 20. Nxe6 fxe6 21. Bxh6 gxh6 22. Qg6+ Kh8 23. Qxh6+ Kg8 24. Qg6+ Kh8 25. Rb4 Rc4 26. Rxc4 dxc4 27. Rd1 b5 28. Rd6 Qg7 29. Qxg7+ Kxg7 30. Rxa6 Rd8 31. Rb6 Rd1+ 32. Kh2 Rd5 33. f3 Nd7 34. Rb7 Kf6 35. e4 Rd2 36. Rxb5 Ne5 37. f4 Nd3 38. Rb6 Rxb2 39. Rc6 Nxf4 40. Rxc4 Rxg2+ 41. Kh1 Rxa2 42. Rc5 Nxh3 43. Rh5 Nf4 44. Rb5 Nh3 45. Rh5 Nf2+ 46. Kg2 Nxe4+ 47. Kf3 Ng5+ 48. Ke3 Ra3+ 49. Kf4 Ra4+ 50. Ke3 Kf5 51. Rh8 Ra3+ 52. Ke2 Ke4 53. Rh4+ Ke5 54. Rh5 Kf4 55. Rh4+ Ke5 56. Rh5 Kf5 57. Rh8 e5 58. Rf8+ Ke4 59. Rb8 Ra2+ 60. Kd1 Nf3 61. Rh8 Nh4 62. Rxh4+ Kd3 63. Rh3+ Kd4 64. Rh4+ e4 65. Rh3 e3 66. Rh8 Ra1+ 67. Ke2 Ra2+ 68. Ke1 Rf2 69. Rd8+ Ke4 70. Re8+ Kf3 71. Rf8+ Ke4 72. Re8+ Kd3 73. Rd8+ Ke4 74. Re8+ 1/2-1/2

[Event "January 9 Early 2024"]
[Site "https://www.chess.com"]
[Date "2024.01.11"]
[Round "11"]
[White "Perossa, Nicolas"]
[Black "Cieslak, Patryk"]
[Result "0-1"]
[Board "186"]
[TimeControl "180+1"]
[WhiteFideId "2850520"]
[BlackFideId "21078882"]
[WhiteElo "2476"]
[BlackElo "2701"]
[WhiteTeam "ITA"]
[BlackTeam "POL"]
[WhiteClock "0:00:14"]
[BlackClock "0:00:10"]

1. e4 c6 2. d4 g6 3. Nc3 d5 4. Be3 dxe4 5. Nxe4 Bg7 6. Nf3 Nf6 7. Bd3 O-O 8. c3 Nxe4 9. Bxe4 Nd7 10. Bd3 Nf6 11. h3 Nd5 12. Qd2 Nxe3 13. Qxe3 Be6 14. Ng5 Bd5 15. O-O Re8 16. c4 Be6 17. Nxe6 fxe6 18. Qxe6+ Kh8 19. d5 cxd5 20. cxd5 Qd6 21. Rad1 Qxe6 22. dxe6 Red8 23. Be4 Rab8 24. Rd7 Re8 25. b3 b5 26. Rc1 Be5 27. Rxa7 b4 28. Rd7 Bd6 29. g3 Rf8 30. Kg2 Kg7 31. Bd5 Rf5 32. Be4 Re5 33. Bf3 Rxe6 34. Rc6 Rf6 35. Ra6 Rbf8 36. Raxd6 Rxd6 37. Rxe7+ Rf7 38. Re4 Rdf6 39. Re3 Ra7 40. Re4 Rb6 41. Rd4 Rxa2 42. Bd5 Rd6 43. Kf3 Ra5 44. Ke4 Kf6 45. f4 h6 46. g4 Ra7 47. f5 Re7+ 48. Be6 Rxd4+ 49. Kxd4 Rc7 50. Bd5 g5 51. Be6 Rc3 52. Bc4 Rxh3 53. Kc5 h5 54. gxh5 Rxh5 55. Kxb4 g4 56. Be2 g3 57. Bf3 Rxf5 58. Bg2 Rf2 59. Ba8 g2 60. Bxg2 Rxg2 61. Kc5 Ke7 62. b4 Kd7 63. Kb6 Kc8 64. b5 Kb8 65. Kc6 Rg7 66. Kb6 Rb7+ 67. Ka6 Kc7 68. Ka5 Rb6 69. Kb4 Kd6 70. Kc4 Rb8 71. Kb4 Kd5 72. Ka5 Kc5 73. Ka6 Rb6+ 74. Ka7 Kxb5 75. Ka8 Rc6 76. Ka7 Rc7+ 77. Ka8 Ka6 78. Kb8 Kb6 79. Ka8 Rc8# 0-1

[Event "January 9 Early 2024"]
[Site "https://www.chess.com"]
[Date "2024.01.11"]
[Round "11"]
[White "Makaraci, Tunahan"]
[Black "Samunenkov, Ihor"]
[Result "0-1"]
[Board "187"]
[TimeControl "180+1"]
[WhiteFideId "6356559"]
[BlackFideId "14187086"]
[WhiteElo "2554"]
[BlackElo "2766"]
[WhiteTeam "TUR"]
[BlackTeam "UKR"]
[WhiteClock "0:00:04"]
[BlackClock "0:00:06"]

1. e4 c5 2. c3 d5 3. exd5 Qxd5 4. d4 Nf6 5. Nf3 e6 6. a3 Nc6 7. Be3 cxd4 8. cxd4 Be7 9. Nc3 Qd6 10. Bd3 O-O 11. O-O b6 12. Qe2 Bb7 13. Rad1 Rad8 14. Rfe1 Nd5 15. Nxd5 Qxd5 16. Bc4 Qh5 17. Ne5 Qxe2 18. Bxe2 Na5 19. b4 Nc6 20. Bf3 Nxe5 21. Bxb7 Nc4 22. Rd3 a5 23. Ba6 Nxe3 24. fxe3 axb4 25. axb4 Bxb4 26. Rb1 Ba5 27. Rc1 g6 28. Kf2 Kg7 29. Rc7 Ra8 30. Bb5 Rfc8 31. Rxc8 Rxc8 32. Kf3 Rc2 33. d5 exd5 34. Rxd5 Be1 35. Be2 Bb4 36. Rd7 Bc5 37. Ba6 Rc3 38. Rd3 Rc1 39. Rd7 Kf6 40. Bb7 Rc3 41. Bd5 Rxe3+ 42. Kf4 Re7 43. Rxe7 Bxe7 44. Ke4 h5 45. h3 h4 46. Bc4 Bd6 47. Bd5 Ke7 48. Bc4 f5+ 49. Kf3 Kf6 50. Bb3 b5 51. Ba2 b4 52. Bc4 g5 53. Bb3 Bf4 54. Ke2 Ke5 55. Kd3 g4 56. Bd1 gxh3 57. gxh3 Bg3 58. Bf3 Be1 59. Ke2 Bc3 60. Kd3 Kf4 61. Bg2 Kg3 62. Bf1 f4 63. Ke4 b3 64. Kd3 b2 65. Kc2 f3 0-1

[Event "January 9 Early 2024"]
[Site "https://www.chess.com"]
[Date "2024.01.11"]
[Round "11"]
[White "Pinero Rodriguez, Carlos Jose"]
[Black "Mazurkiewicz, Michal"]
[Result "1-0"]
[Board "188"]
[TimeControl "180+1"]
[WhiteFideId "3901726"]
[BlackFideId "1124943"]
[WhiteElo "2567"]
[BlackElo "2451"]
[WhiteTeam "VEN"]
[BlackTeam "POL"]
[WhiteClock "0:00:20"]
[BlackClock "0:00:02"]

1. e4 d6 2. d4 Nf6 3. Nc3 c6 4. f3 b5 5. a3 e5 6. Be3 Be7 7. Nge2 O-O 8. Ng3 Re8 9. Be2 Nbd7 10. O-O Bf8 11. dxe5 dxe5 12. Qe1 Nc5 13. Rd1 Qc7 14. Qf2 Ne6 15. Nf5 Nf4 16. Ng3 a5 17. Ra1 Be6 18. Rfd1 Nd7 19. Bf1 b4 20. Na4 bxa3 21. bxa3 Rab8 22. Ne2 c5 23. g3 Nxe2+ 24. Bxe2 c4 25. Nc3 Rb2 26. Bf1 Bc5 27. Bxc5 Qxc5 28. Qxc5 Nxc5 29. Rac1 f6 30. Rd6 Bf7 31. Rc6 Ne6 32. Bxc4 Nd4 33. Bxf7+ Kxf7 34. Rc7+ Kg6 35. f4 exf4 36. gxf4 Nxc2 37. Na4 Ra2 38. R7xc2 Rxa3 39. Nc3 Rb3 40. Kf2 Ra8 41. f5+ Kg5 42. Ne2 a4 43. Rg1+ Kh6 44. Rc7 Rg8 45. Ra7 a3 46. Rg3 Rxg3 47. hxg3 Re8 48. Kf3 Rb8 49. Rxa3 Rb1 50. Nf4 Rf1+ 51. Kg4 Rg1 52. Ra2 g5 53. Rh2+ Kg7 54. Ne6+ Kg8 55. Rh6 Re1 56. Kf3 Rf1+ 57. Ke2 Rg1 58. Kf2 Ra1 59. Rxf6 Ra2+ 60. Kf3 h5 61. Rf8+ Kh7 62. Nxg5+ Kg7 63. Ne6+ Kh6 64. Rf6+ Kh7 65. Rg6 h4 66. gxh4 Kh8 67. f6 Kh7 68. Rg5 Kh6 69. f7 Kh7 70. Rg7+ Kh6 71. f8=Q Ra3+ 72. Ke2 Re3+ 73. Kxe3 Kh5 74. Qh8# 1-0

[Event "January 9 Early 2024"]
[Site "https://www.chess.com"]
[Date "2024.01.11"]
[Round "11"]
[White "Martinez Pla, Xavier"]
[Black "Sakun, Volodymyr"]
[Result "1-0"]
[Board "189"]
[TimeControl "180+1"]
[WhiteFideId "32074271"]
[BlackFideId "14114062"]
[WhiteElo "2479"]
[BlackElo "2598"]
[WhiteTeam "ESP"]
[BlackTeam "UKR"]
[WhiteClock "0:00:14"]
[BlackClock "0:00:01"]

1. e4 e5 2. Nf3 Nc6 3. d4 exd4 4. Nxd4 Bc5 5. Nxc6 Qf6 6. Qf3 bxc6 7. Nd2 a5 8. Nb3 Bb6 9. a4 d6 10. Bc4 Qxf3 11. gxf3 Ne7 12. Rg1 g6 13. Be3 Bxe3 14. fxe3 f5 15. exf5 Nxf5 16. O-O-O Ba6 17. Bxa6 Rxa6 18. e4 Ne7 19. f4 Rf8 20. Rdf1 c5 21. Nd2 Kd7 22. Nc4 Ke6 23. Ne3 Kd7 24. c3 Raa8 25. Kc2 Rae8 26. Rg4 Nc8 27. Kd3 Nb6 28. b3 c6 29. h4 d5 30. e5 Nc8 31. h5 Ne7 32. hxg6 hxg6 33. Rh1 Rb8 34. Kc2 Rh8 35. Rgh4 Rxh4 36. Rxh4 Rf8 37. Rh7 Ke6 38. Rh4 d4 39. Nc4 Nd5 40. cxd4 cxd4 41. Nxa5 Nxf4 42. Nxc6 d3+ 43. Kd2 g5 44. Rh7 Rc8 45. Rh6+ Kd7 46. Nd4 Rg8 47. e6+ Kd6 48. Nf5+ Ke5 49. Ng3 Nxe6 50. Kxd3 g4 51. a5 Rd8+ 52. Kc3 Rc8+ 53. Kb2 Nc5 54. b4 Nd3+ 55. Kb3 Rb8 56. Rh5+ Kf4 57. Ne2+ Ke3 58. Nc3 Nxb4 59. Kc4 Nc2 60. a6 g3 61. Nd5+ Kf3 62. Rg5 Rc8+ 63. Kb5 Nd4+ 64. Kb6 g2 65. a7 Ne2 66. Ne7 Re8 67. Nc6 Ng3 68. Nb8 g1=Q+ 69. Kb7 Qb1+ 70. Kc7 Qe4 71. Rc5 Re7+ 72. Kb6 Qb4+ 73. Rb5 Rb7+ 74. Kxb7 Qxb5+ 75. Kc7 Qa5+ 76. Kb7 Qb5+ 77. Kc7 Qc5+ 78. Nc6 Qf8 79. Nd8 Qc5+ 80. Nc6 1-0

[Event "January 9 Early 2024"]
[Site "https://www.chess.com"]
[Date "2024.01.11"]
[Round "11"]
[White "Kukhmazov, Arsen"]
[Black "Kobalia, Mikhail"]
[Result "1/2-1/2"]
[Board "190"]
[TimeControl "180+1"]
[WhiteFideId "24108260"]
[BlackFideId "4119150"]
[WhiteElo "2911"]
[BlackElo "2824"]
[WhiteTeam "FID"]
[BlackTeam "FID"]
[WhiteClock "0:00:05"]
[BlackClock "0:00:03"]

1. d4 d5 2. c4 c6 3. Nf3 Nf6 4. Qc2 g6 5. cxd5 cxd5 6. Nc3 Nc6 7. Bf4 Bf5 8. Qb3 Na5 9. Qa4+ Bd7 10. Qd1 Rc8 11. e3 Bg7 12. Bd3 O-O 13. O-O Nc4 14. Qe2 Bg4 15. Rfc1 Bxf3 16. gxf3 e6 17. b3 Nd6 18. Na4 Rxc1+ 19. Rxc1 Nh5 20. Bg3 Nxg3 21. hxg3 Nf5 22. Bxf5 gxf5 23. Nc5 Qe7 24. Nd3 Re8 25. Rc5 h5 26. Kg2 h4 27. f4 Qf6 28. Qh5 hxg3 29. fxg3 Qe7 30. Qe2 Bf8 31. Ne5 Qd8 32. Rc2 Bd6 33. Nd3 Qf6 34. Qh5 Kg7 35. Qh4 Qg6 36. Ne5 Bxe5 37. dxe5 Rh8 38. Qf6+ Qxf6 39. exf6+ Kxf6 40. Rc7 Rb8 41. Kf3 a5 42. Ke2 b6 43. a3 b5 44. Kd3 Kg6 45. Kd4 Kf6 46. Kd3 Rb6 47. Kd4 Rb8 48. Kc5 b4 49. a4 Rg8 50. Ra7 Rxg3 51. Kd4 Rg1 52. Rxa5 Rb1 53. Rb5 Rxb3 54. a5 Rb1 55. Kc5 b3 56. Kb6 e5 57. fxe5+ Kxe5 58. a6 f4 59. a7 Ra1 60. exf4+ Kxf4 61. Rxb3 d4 62. Rb5 Rxa7 63. Kxa7 d3 64. Rd5 Ke3 65. Re5+ Kd4 66. Re7 f5 67. Kb6 f4 68. Rf7 Ke3 69. Re7+ Kf2 70. Rd7 Ke2 71. Re7+ Kf2 72. Rd7 Ke2 73. Re7+ Kf2 1/2-1/2

[Event "January 9 Early 2024"]
[Site "https://www.chess.com"]
[Date "2024.01.11"]
[Round "11"]
[White "Przybylski, Wojciech"]
[Black "Kosteniuk, Alexandra"]
[Result "0-1"]
[Board "191"]
[TimeControl "180+1"]
[WhiteFideId "1117599"]
[BlackFideId "4128125"]
[WhiteElo "2554"]
[BlackElo "2749"]
[WhiteTeam "POL"]
[BlackTeam "SUI"]
[WhiteClock "0:00:03"]
[BlackClock "0:00:12"]

1. d4 Nf6 2. Nf3 e6 3. g3 b5 4. Bg2 Bb7 5. O-O Be7 6. a4 b4 7. a5 O-O 8. Nbd2 d6 9. Re1 c5 10. e4 cxd4 11. Nxd4 Qc8 12. N4b3 Na6 13. h3 Rd8 14. Kh2 Nc5 15. Qe2 e5 16. Nxc5 dxc5 17. b3 Ba6 18. Nc4 Qe6 19. Bb2 Ne8 20. Rad1 Rd4 21. Bxd4 cxd4 22. Bf1 Nd6 23. Qg4 Qxg4 24. hxg4 Nxc4 25. bxc4 Rc8 26. f4 f6 27. Rd2 Bxc4 28. Bxc4+ Rxc4 29. a6 Rc6 30. Ra1 Kf7 31. Kg2 Ke6 32. Ra5 Bd6 33. f5+ Kd7 34. Kf2 h6 35. Ra2 Kc7 36. Rd3 Kb6 37. Ke2 Kb5 38. Kd1 Bc7 39. Rb3 Ba5 40. Rb1 Bb6 41. Rab2 Bc5 42. Ra2 Rd6 43. Rba1 d3 44. Ra5+ Kc4 45. cxd3+ Rxd3+ 46. Ke2 Rc3 47. Kd2 Be3+ 48. Ke2 Bd4 49. Rb1 Rxg3 50. Rd5 Rg2+ 51. Kf3 Rf2+ 52. Kg3 Re2 53. Rd7 Rxe4 54. Rxg7 Re3+ 55. Kg2 Ra3 56. Rc7+ Kb5 57. Rb7+ Bb6 58. Rf7 Ra2+ 59. Kf3 Ra3+ 60. Ke4 Kc4 61. Rc7+ Bc5 62. Rc1+ Rc3 63. Rxc3+ bxc3 64. g5 hxg5 65. Rc8 c2 66. Rxc5+ Kxc5 67. Kd3 g4 68. Kxc2 g3 0-1

[Event "January 9 Early 2024"]
[Site "https://www.chess.com"]
[Date "2024.01.11"]
[Round "11"]
[White "Aravindh, Chithambaram VR."]
[Black "Svane, Rasmus"]
[Result "1-0"]
[Board "192"]
[TimeControl "180+1"]
[WhiteFideId "5072786"]
[BlackFideId "4657101"]
[WhiteElo "2945"]
[BlackElo "3011"]
[WhiteTeam "IND"]
[BlackTeam "GER"]
[WhiteClock "0:00:06"]
[BlackClock "0:00:01"]

1. b3 d5 2. Bb2 Nf6 3. Nf3 Bf5 4. e3 h6 5. c4 c6 6. Nc3 e6 7. d4 Bd6 8. Bd3 O-O 9. O-O Re8 10. Re1 Nbd7 11. e4 dxe4 12. Nxe4 Bxe4 13. Bxe4 Nxe4 14. Rxe4 Qa5 15. Qc2 Ba3 16. Rae1 Bxb2 17. Qxb2 Rad8 18. g3 Nf6 19. Re5 Qc7 20. Kg2 b6 21. Qc1 Ng4 22. R5e4 Nf6 23. Re5 c5 24. dxc5 bxc5 25. Qf4 Qc6 26. Kg1 Rd3 27. R5e3 Rxe3 28. Qxe3 Rd8 29. Ne5 Qc7 30. Qe2 Rd4 31. Nf3 Re4 32. Qd1 Rxe1+ 33. Nxe1 Qe5 34. Nf3 Qe4 35. Kg2 g5 36. h3 Kg7 37. Qe1 Qc2 38. Qd2 Qe4 39. Qc3 h5 40. Qe5 Qxe5 41. Nxe5 Ne4 42. Nc6 a6 43. Nb8 a5 44. Nc6 Kf6 45. Nxa5 Ke5 46. Nb7 Kd4 47. a4 Nf6 48. Nd8 Kc3 49. Nxf7 Kxb3 50. a5 Nd7 51. a6 Nb6 52. Nxg5 Kxc4 53. Nxe6 Kd5 54. Nxc5 Kxc5 55. Kf3 Kb5 56. Kf4 Kxa6 57. Kg5 Kb5 58. Kxh5 Kc6 59. Kg6 Nd7 60. h4 Kd6 61. h5 Ke7 62. h6 Nf8+ 63. Kf5 Kf7 64. g4 Ng6 65. f4 Nh4+ 66. Kg5 Ng6 67. f5 Ne5 68. Kf4 Nd3+ 69. Kg3 Kf6 70. g5+ Kf7 71. g6+ Kf6 72. h7 Kg7 73. f6+ Kh8 74. f7 Kg7 75. h8=Q+ Kxh8 76. f8=Q# 1-0

[Event "January 9 Early 2024"]
[Site "https://www.chess.com"]
[Date "2024.01.11"]
[Round "11"]
[White "Tristan, Leonardo"]
[Black "Sarana, Alexey"]
[Result "0-1"]
[Board "193"]
[TimeControl "180+1"]
[WhiteFideId "113816"]
[BlackFideId "24133795"]
[WhiteElo "2748"]
[BlackElo "3047"]
[WhiteTeam "ARG"]
[BlackTeam "SRB"]
[WhiteClock "0:00:02"]
[BlackClock "0:00:08"]

1. d4 Nf6 2. Nf3 d5 3. Bf4 c5 4. e3 Nc6 5. c3 Qb6 6. Qc2 g6 7. Nbd2 Bg7 8. Be2 O-O 9. O-O Nh5 10. Bg5 Re8 11. dxc5 Qxc5 12. e4 dxe4 13. Nxe4 Qb6 14. Rfe1 Bf5 15. Bd3 Rac8 16. Qb3 Qc7 17. Bf1 h6 18. Bd2 Nf4 19. Ng3 Be6 20. Bxf4 Qxf4 21. Rxe6 fxe6 22. Qxe6+ Kh7 23. Bd3 Qf6 24. Re1 Rcd8 25. Bc2 Qxe6 26. Rxe6 Bf6 27. Nh5 Rf8 28. Nf4 Rg8 29. h4 Rd6 30. Re2 e5 31. Nxg6 Kg7 32. h5 Re8 33. Nd2 Bg5 34. Ne4 Rdd8 35. g3 a6 36. Kg2 b5 37. a4 b4 38. Bb3 Na5 39. Nc5 Nxb3 40. Nxb3 bxc3 41. bxc3 Rc8 42. Nxe5 Bf6 43. f4 Bxe5 44. fxe5 Rxc3 45. Nd4 Rc5 46. Nf5+ Kh7 47. Rd2 Rcxe5 48. Rd7+ Kh8 49. Nxh6 Rxh5 50. Ng4 Rf5 51. Ra7 Re2+ 52. Kg1 Rc5 53. Kf1 Ra2 54. Re7 Rc1+ 55. Re1 Rxe1+ 56. Kxe1 Rxa4 57. Ne3 Kg7 58. Kd2 Kf6 59. Kc3 Ke5 60. Nc4+ Ke6 61. Kb3 Ra1 62. Kb4 Kd5 63. Nb6+ Kc6 64. Nc4 Kb7 65. g4 Rg1 66. Ne5 Re1 67. Nc4 Re4 68. g5 Rg4 69. Kc5 Rxg5+ 70. Kb4 Rh5 71. Nd6+ Kc6 72. Nc4 Rh4 73. Kb3 Kc5 74. Ne5 Rb4+ 75. Ka3 Re4 76. Nd3+ Kb5 77. Nb2 Re3+ 78. Ka2 Kb4 79. Kb1 Kb3 80. Nd1 Re2 81. Kc1 a5 82. Kb1 a4 83. Kc1 a3 84. Kb1 a2+ 85. Ka1 Rc2 86. Nb2 Rc1# 0-1

[Event "January 9 Early 2024"]
[Site "https://www.chess.com"]
[Date "2024.01.11"]
[Round "11"]
[White "Yeritsyan, Hayk"]
[Black "Bardyk, Artem"]
[Result "1-0"]
[Board "194"]
[TimeControl "180+1"]
[WhiteFideId "13307320"]
[BlackFideId "34349979"]
[WhiteElo "2656"]
[BlackElo "2761"]
[WhiteTeam "ARM"]
[BlackTeam "RUS"]
[WhiteClock "0:00:07"]
[BlackClock "0:00:03"]

1. e4 e5 2. Nf3 Nc6 3. Nc3 Nf6 4. a3 d6 5. d4 exd4 6. Nxd4 Be7 7. Be2 O-O 8. O-O Re8 9. Be3 Bf8 10. Nxc6 bxc6 11. Bf3 Nd7 12. Qd2 Rb8 13. b3 g6 14. Rad1 Bg7 15. Bd4 Ne5 16. Be2 c5 17. Be3 Ng4 18. Bxg4 Bxg4 19. f3 Be6 20. Nd5 Bxd5 21. Qxd5 Qe7 22. Rfe1 Qe6 23. Qxe6 fxe6 24. g4 e5 25. Kf2 Kf7 26. Ke2 Ke6 27. h4 a5 28. a4 c4 29. Rb1 cxb3 30. Rxb3 Rxb3 31. cxb3 c6 32. Rc1 Kd7 33. h5 Rb8 34. hxg6 hxg6 35. Rc3 d5 36. Bd2 Bf8 37. Rd3 Ke6 38. Bxa5 g5 39. Bd2 Be7 40. Rc3 Kd7 41. Rd3 Ke6 42. Kd1 d4 43. Kc2 c5 44. Bc1 Kd6 45. Rd1 Rh8 46. Kd3 Rh3 47. Rf1 Rh2 48. Bd2 Kc6 49. a5 Kb5 50. Ra1 Rf2 51. a6 Rxf3+ 52. Ke2 Rf8 53. Kd3 Rf3+ 54. Kc2 Rf8 55. Kd3 Ra8 56. a7 Kb6 57. Kc4 Kb7 58. Kd5 Re8 59. a8=Q+ Rxa8 60. Rxa8 Kxa8 61. Kxe5 Kb7 62. Ke6 Bd8 63. Kd7 Bf6 64. Kd6 Kb6 65. e5 Bd8 66. e6 Kb5 67. Kd7 Bf6 68. e7 Bxe7 69. Kxe7 c4 70. Bxg5 c3 71. Bf6 Kc5 72. g5 Kb4 73. Bxd4 c2 74. Be3 Kc3 75. g6 Kd3 76. Bh6 Kc3 77. g7 Kxb3 78. g8=Q+ Kb2 79. Qg1 Ka2 80. Qc1 Kb3 81. Kd6 Ka2 82. Qxc2+ Ka1 83. Bg7# 1-0